Thrashers vs BlueJackets

Created - April 4 2007 at 18:52

Goals
1 2 3 T
Thrashers 2 3 1 6
BlueJackets 1 2 1 4
Shots
1 2 3 T
Thrashers 12 20 14 46
BlueJackets 9 10 9 28

Period #1

1. Thrashers , Ilya Kovalchuk 48 (Marian Hossa, Brendan Morrison) at 9:50 (PP)
2. Thrashers , Brendan Morrison 22 (Ilya Kovalchuk, Brian Leetch) at 10:38
3. BlueJackets , Nikolai Zherdev 18 (Sergei Fedorov, Antti Miettinen) at 14:34

Penalities :
Alexander Frolov (ATL) for Elbowing (Minor) at 2:46, Duvie Westcott (CBJ) for Cross-checking (Minor) at 9:12, Brian Leetch (ATL) for Hooking (Minor) at 17:28, Philippe Boucher (ATL) for Charging (Minor) at 18:08

Period #2

4. BlueJackets , Brenden Morrow 26 (David Vyborny, Patrice Brisebois) at 4:09
5. Thrashers , Alexander Frolov 15 (Niclas Havelid) at 6:29 (PP)
6. BlueJackets , Nikolai Zherdev 19 (Duvie Westcott, Marc Savard) at 13:00 (PP)
7. Thrashers , Alexander Frolov 16 (Jozef Stumpel, Niclas Havelid) at 16:14
8. Thrashers , Ladislav Nagy 23 (Andy Sutton, Robert Lang) at 19:22

Penalities :
Mike Van Ryn (ATL) for High sticking (Minor) at 1:59, Ron Hainsey (CBJ) for Charging (Minor) at 4:38, Brenden Morrow (CBJ) for Slashing (Minor) at 9:40, Brett Clark (ATL) for Roughing (Double Minor) at 12:54, Antti Miettinen (CBJ) for Interference (Minor) at 18:58, Mike Van Ryn (ATL) for Hooking (Minor) at 18:58

Period #3

9. BlueJackets , Stephen Weiss 10 (David Vyborny, Ron Hainsey) at 4:14
10. Thrashers , Marian Hossa 34 (Ladislav Nagy, Brett Clark) at 5:33

Penalities :
Niclas Havelid (ATL) for Charging (Minor) at 0:53, Brenden Morrow (CBJ) for Elbowing (Minor) at 5:34, Alexander Frolov (ATL) for Clipping (Minor) at 5:34, Sergei Fedorov (CBJ) for Holding (Minor) at 14:45, Brenden Morrow (CBJ) for Charging (Minor) at 16:35

Goalie Stats

Kari Lehtonen (ATL), 24 saves from 28 shots - (0.857), W, 35-16-7, 60:00 minutes
Pascal Leclaire (CBJ), 28 saves from 34 shots - (0.824), L, 22-32-5, 45:33 minutes
Dan Cloutier (CBJ), 12 saves from 12 shots - (1.000), 14:27 minutes

Players Stats

Thrashers
Player Name              G  A  P  +/- PIM S  H  SB FO MP 
-----------------------------------------------------------
Ales Kotalik             0  0  0   0  0   6  2  0  1  15 
Alexander Frolov         2  0  2   0  4   6  0  0  1  16 
Andy Sutton              0  1  1   1  0   0  1  2  0  13 
Anson Carter             0  0  0   1  0   3  0  0  0  16 
Bobby Holik              0  0  0   0  0   2  0  0  18 11 
Brendan Morrison         1  1  2   1  0   3  0  0  23 16 
Brett Clark              0  1  1   0  4   1  2  0  0  19 
Brian Leetch             0  1  1   1  2   0  0  1  0  17 
Greg de Vries            0  0  0   1  0   0  1  0  0  19 
Ilya Kovalchuk           1  1  2   1  0   9  1  0  3  18 
Jozef Stumpel            0  1  1   0  0   0  0  0  23 17 
Ladislav Nagy            1  1  2   0  0   2  2  0  1  16 
Marian Hossa             1  1  2  -1  0   7  1  0  1  19 
Mike Van Ryn             0  0  0   0  4   3  0  1  0  19 
Niclas Havelid           0  2  2   0  2   0  0  0  0  19 
Philippe Boucher         0  0  0  -1  2   0  4  0  0  22 
Robert Lang              0  1  1   0  0   4  0  0  26 19 
Scott Mellanby           0  0  0   0  0   0  0  0  0  8  
BlueJackets
Player Name              G  A  P  +/- PIM S  H  SB FO MP 
-----------------------------------------------------------
Adam Foote               0  0  0  -2  0   0  2  2  0  13 
Antti Miettinen          0  1  1   1  2   0  1  0  2  12 
Brad Stuart              0  0  0   2  0   1  0  0  0  23 
Brenden Morrow           1  0  1   0  6   1  1  0  3  17 
Dan Fritsche             0  0  0  -2  0   1  0  0  0  15 
David Vyborny            0  2  2   1  0   3  1  0  2  16 
Duvie Westcott           0  1  1  -3  2   2  0  1  0  22 
Fredrik Modin            0  0  0  -3  0   2  0  1  11 23 
Jason Chimera            0  0  0   1  0   1  0  0  0  4  
Marc Savard              0  1  1  -2  0   2  1  0  22 18 
Nikolai Zherdev          2  0  2   1  0   4  0  0  1  17 
Patrice Brisebois        0  1  1   0  0   0  1  1  0  20 
Radoslav Suchy           0  0  0   0  0   0  1  2  0  22 
Ron Hainsey              0  1  1   1  2   0  0  0  0  24 
Sergei Fedorov           0  1  1   1  2   6  0  0  27 21 
Stephen Weiss            1  0  1   1  0   2  0  0  8  9  
Trevor Letowski          0  0  0   0  0   0  0  0  2  9  
Tyler Arnason            0  0  0  -1  0   3  0  0  19 19 

3 Stars

1 - Nikolai Zherdev (CBJ)
2 - Alexander Frolov (ATL)
3 - Ilya Kovalchuk (ATL)

Power Play

Thrashers - 2 on 5 Attempt(s) - 40.00%
BlueJackets - 1 on 6 Attempt(s) - 16.67%

Penalty Kill

Thrashers - 5 on 6 Attempt(s) - 83.33% - Score 0 goal in Penalty Kill
BlueJackets - 3 on 5 Attempt(s) - 60.00% - Score 0 goal in Penalty Kill

Game Notes

Dan Cloutier enters game at 5:33 of 3rd period

Finance

Level 1 -- Attendance: 4510 (75.16%) -- Ticket Income $347,270.00
Level 2 -- Attendance: 4329 (82.45%) -- Ticket Income $238,095.00
Level 3 -- Attendance: 1739 (77.27%) -- Ticket Income $52,170.00
Level 4 -- Attendance: 3128 (78.20%) -- Ticket Income $46,920.00
Luxury Box -- Attendance: 854 (85.38%) -- Ticket Income $128,100.00
Game was played at the Nationwide Arena
Total Attendance: 14560 (78.70%)
Total Ticket Income: $812,970.50
Other Income: $137,357.70
Total Income: $950,328.00


Play by Play

Period #1

0:01 of 1st period - Sergei Fedorov wins face-off versus Robert Lang in neutral zone.
0:09 of 1st period - Sergei Fedorov is hit by Ladislav Nagy and loses puck.
0:42 of 1st period - Nikolai Zherdev is hit by Philippe Boucher and loses puck.
1:07 of 1st period - Fredrik Modin is hit by Philippe Boucher and loses puck.
1:19 of 1st period - Shot by Fredrik Modin.
1:19 of 1st period - Stopped by Kari Lehtonen without a rebound.
1:20 of 1st period - Brendan Morrison wins face-off versus Brenden Morrow in Thrashers zone.
1:41 of 1st period - Shot by Tyler Arnason.
1:41 of 1st period - Stopped by Kari Lehtonen with a rebound.
1:42 of 1st period - Shot by Radoslav Suchy.
1:42 of 1st period - Shot Misses the Net.
1:45 of 1st period - Shot by David Vyborny.
1:45 of 1st period - Stopped by Kari Lehtonen without a rebound.
1:46 of 1st period - Stephen Weiss wins face-off versus Jozef Stumpel in Thrashers zone.
1:51 of 1st period - Shot by David Vyborny.
1:51 of 1st period - Deflect By Stephen Weiss.
1:51 of 1st period - Shot Blocked by Mike Van Ryn.
1:56 of 1st period - Shot by David Vyborny.
1:56 of 1st period - Stopped by Kari Lehtonen without a rebound.
1:57 of 1st period - Marc Savard wins face-off versus Bobby Holik in Thrashers zone.
2:14 of 1st period - Shot by Duvie Westcott.
2:14 of 1st period - Stopped by Kari Lehtonen without a rebound.
2:15 of 1st period - Sergei Fedorov wins face-off versus Jozef Stumpel in Thrashers zone.
2:26 of 1st period - Shot by Alexander Frolov.
2:26 of 1st period - Stopped by Pascal Leclaire without a rebound.
2:27 of 1st period - Brendan Morrison wins face-off versus Tyler Arnason in BlueJackets zone.
2:30 of 1st period - Shot by Brendan Morrison.
2:30 of 1st period - Shot Blocked by Radoslav Suchy.
2:31 of 1st period - Shot by Greg de Vries.
2:31 of 1st period - Shot Blocked by Radoslav Suchy.
2:34 of 1st period - Shot by Ilya Kovalchuk.
2:34 of 1st period - Shot Misses the Net.
2:39 of 1st period - Shot by Brendan Morrison.
2:39 of 1st period - Shot Misses the Net.
2:40 of 1st period - Shot by Ilya Kovalchuk.
2:40 of 1st period - Deflect By Anson Carter.
2:40 of 1st period - Shot Misses the Net.
2:43 of 1st period - Shot by Ilya Kovalchuk.
2:43 of 1st period - Deflect By Anson Carter.
2:43 of 1st period - Stopped by Pascal Leclaire without a rebound.
2:44 of 1st period - Sergei Fedorov wins face-off versus Jozef Stumpel in BlueJackets zone.
2:46 of 1st period - Minor Penalty to Alexander Frolov for Elbowing.
2:47 of 1st period - Marc Savard wins face-off versus Jozef Stumpel in neutral zone.
4:06 of 1st period - Shot by Sergei Fedorov.
4:06 of 1st period - Shot Misses the Net.
4:54 of 1st period - Off-side.
4:55 of 1st period - Robert Lang wins face-off versus Tyler Arnason in neutral zone.
5:27 of 1st period - Icing by Philippe Boucher.
5:28 of 1st period - Sergei Fedorov wins face-off versus Ladislav Nagy in Thrashers zone.
5:39 of 1st period - Shot by Nikolai Zherdev.
5:39 of 1st period - Shot Hit the Post.
5:49 of 1st period - Icing by Philippe Boucher.
5:50 of 1st period - Fredrik Modin wins face-off versus Robert Lang in Thrashers zone.
6:30 of 1st period - Ilya Kovalchuk is hit by Adam Foote and loses puck.
6:45 of 1st period - Icing by Greg de Vries.
6:46 of 1st period - Brendan Morrison wins face-off versus Tyler Arnason in Thrashers zone.
7:01 of 1st period - Shot by Tyler Arnason.
7:01 of 1st period - Stopped by Kari Lehtonen without a rebound.
7:02 of 1st period - Sergei Fedorov wins face-off versus Jozef Stumpel in Thrashers zone.
7:05 of 1st period - Shot by Sergei Fedorov.
7:05 of 1st period - Shot Misses the Net.
7:26 of 1st period - Shot by Ales Kotalik.
7:26 of 1st period - Deflect By Alexander Frolov.
7:26 of 1st period - Shot Misses the Net.
7:27 of 1st period - Shot by Mike Van Ryn.
7:27 of 1st period - Stopped by Pascal Leclaire without a rebound.
7:28 of 1st period - Brenden Morrow wins face-off versus Robert Lang in BlueJackets zone.
9:12 of 1st period - Minor Penalty to Duvie Westcott for Cross-checking.
9:13 of 1st period - Brendan Morrison wins face-off versus Fredrik Modin in neutral zone.
9:50 of 1st period - Shot by Ilya Kovalchuk.
9:50 of 1st period - Goal by Ilya Kovalchuk - Thrashers : 1 - BlueJackets : 0.
9:51 of 1st period - Robert Lang wins face-off versus Marc Savard in neutral zone.
10:00 of 1st period - Shot by Ladislav Nagy.
10:00 of 1st period - Deflect By Robert Lang.
10:00 of 1st period - Shot Misses the Net.
10:04 of 1st period - Robert Lang is hit by Adam Foote and loses puck.
10:32 of 1st period - Shot by Ilya Kovalchuk.
10:32 of 1st period - Deflect By Anson Carter.
10:32 of 1st period - Stopped by Pascal Leclaire with a rebound.
10:35 of 1st period - Shot by Ilya Kovalchuk.
10:35 of 1st period - Shot Blocked by Adam Foote.
10:38 of 1st period - Shot by Brendan Morrison.
10:38 of 1st period - Goal by Brendan Morrison - Thrashers : 2 - BlueJackets : 0.
10:39 of 1st period - Brenden Morrow wins face-off versus Bobby Holik in neutral zone.
10:39 of 1st period - David Vyborny is hit by Ilya Kovalchuk and loses puck.
10:51 of 1st period - Shot by Tyler Arnason.
10:51 of 1st period - Stopped by Kari Lehtonen without a rebound.
10:52 of 1st period - Jozef Stumpel wins face-off versus Stephen Weiss in Thrashers zone.
11:21 of 1st period - Shot by Marian Hossa.
11:21 of 1st period - Stopped by Pascal Leclaire without a rebound.
11:22 of 1st period - Tyler Arnason wins face-off versus Brendan Morrison in BlueJackets zone.
13:11 of 1st period - Shot by Marc Savard.
13:11 of 1st period - Shot Misses the Net.
13:22 of 1st period - Shot by Jozef Stumpel.
13:22 of 1st period - Shot Misses the Net.
13:38 of 1st period - Icing by Duvie Westcott.
13:39 of 1st period - Marc Savard wins face-off versus Ilya Kovalchuk in BlueJackets zone.
13:56 of 1st period - Shot by Ilya Kovalchuk.
13:56 of 1st period - Stopped by Pascal Leclaire without a rebound.
13:57 of 1st period - Sergei Fedorov wins face-off versus Robert Lang in BlueJackets zone.
14:08 of 1st period - Shot by Nikolai Zherdev.
14:08 of 1st period - Shot Misses the Net.
14:11 of 1st period - Shot by Sergei Fedorov.
14:11 of 1st period - Stopped by Kari Lehtonen with a rebound.
14:12 of 1st period - Shot by Brad Stuart.
14:12 of 1st period - Shot Misses the Net.
14:17 of 1st period - Shot by Sergei Fedorov.
14:17 of 1st period - Shot Misses the Net.
14:34 of 1st period - Shot by Nikolai Zherdev.
14:34 of 1st period - Goal by Nikolai Zherdev - Thrashers : 2 - BlueJackets : 1.
14:35 of 1st period - Brendan Morrison wins face-off versus Tyler Arnason in neutral zone.
15:26 of 1st period - Shot by Jozef Stumpel.
15:26 of 1st period - Deflect By Ales Kotalik.
15:26 of 1st period - Stopped by Pascal Leclaire without a rebound.
15:27 of 1st period - Jozef Stumpel wins face-off versus Sergei Fedorov in BlueJackets zone.
15:49 of 1st period - Icing by Ron Hainsey.
15:50 of 1st period - Robert Lang wins face-off versus Sergei Fedorov in BlueJackets zone.
17:11 of 1st period - Shot by Ales Kotalik.
17:11 of 1st period - Stopped by Pascal Leclaire with a rebound.
17:12 of 1st period - Shot by Jozef Stumpel.
17:12 of 1st period - Shot Blocked by Duvie Westcott.
17:13 of 1st period - Shot by Mike Van Ryn.
17:13 of 1st period - Stopped by Pascal Leclaire with a rebound.
17:16 of 1st period - Shot by Ales Kotalik.
17:16 of 1st period - Stopped by Pascal Leclaire without a rebound.
17:17 of 1st period - Brendan Morrison wins face-off versus Tyler Arnason in BlueJackets zone.
17:17 of 1st period - Ilya Kovalchuk is hit by David Vyborny and loses puck.
17:28 of 1st period - Minor Penalty to Brian Leetch for Hooking.
17:29 of 1st period - Bobby Holik wins face-off versus Marc Savard in Thrashers zone.
17:57 of 1st period - Marc Savard is hit by Brett Clark and loses puck.
18:08 of 1st period - Minor Penalty to Philippe Boucher for Charging.
18:09 of 1st period - Bobby Holik wins face-off versus Sergei Fedorov in BlueJackets zone.
18:15 of 1st period - Off-side.
18:16 of 1st period - Bobby Holik wins face-off versus Sergei Fedorov in neutral zone.
18:33 of 1st period - Shot by Trevor Letowski.
18:33 of 1st period - Shot Misses the Net.
19:37 of 1st period - Icing by Nikolai Zherdev.
19:38 of 1st period - Marc Savard wins face-off versus Bobby Holik in BlueJackets zone.

Period #2

0:01 of 2nd period - Marc Savard wins face-off versus Bobby Holik in neutral zone.
0:12 of 2nd period - Shot by Marian Hossa.
0:12 of 2nd period - Stopped by Pascal Leclaire without a rebound.
0:13 of 2nd period - Sergei Fedorov wins face-off versus Brendan Morrison in BlueJackets zone.
0:44 of 2nd period - Shot by Ilya Kovalchuk.
0:44 of 2nd period - Stopped by Pascal Leclaire without a rebound.
0:45 of 2nd period - Robert Lang wins face-off versus Marc Savard in BlueJackets zone.
1:26 of 2nd period - Shot by Fredrik Modin.
1:26 of 2nd period - Shot Misses the Net.
1:52 of 2nd period - Tyler Arnason is hit by Ales Kotalik and loses puck.
1:59 of 2nd period - Minor Penalty to Mike Van Ryn for High sticking.
2:00 of 2nd period - Sergei Fedorov wins face-off versus Bobby Holik in Thrashers zone.
2:07 of 2nd period - Shot by Sergei Fedorov.
2:07 of 2nd period - Stopped by Kari Lehtonen with a rebound.
2:12 of 2nd period - Shot by Sergei Fedorov.
2:12 of 2nd period - Stopped by Kari Lehtonen without a rebound.
2:13 of 2nd period - Jozef Stumpel wins face-off versus Marc Savard in Thrashers zone.
2:26 of 2nd period - Shot by Scott Mellanby.
2:26 of 2nd period - Deflect By Bobby Holik.
2:26 of 2nd period - Stopped by Pascal Leclaire without a rebound.
2:27 of 2nd period - Sergei Fedorov wins face-off versus Jozef Stumpel in BlueJackets zone.
2:31 of 2nd period - Off-side.
2:32 of 2nd period - Jozef Stumpel wins face-off versus Nikolai Zherdev in neutral zone.
2:49 of 2nd period - Shot by Nikolai Zherdev.
2:49 of 2nd period - Stopped by Kari Lehtonen without a rebound.
2:50 of 2nd period - Marc Savard wins face-off versus Bobby Holik in Thrashers zone.
4:09 of 2nd period - Shot by Brenden Morrow.
4:09 of 2nd period - Goal by Brenden Morrow - Thrashers : 2 - BlueJackets : 2.
4:10 of 2nd period - Brendan Morrison wins face-off versus Stephen Weiss in neutral zone.
4:19 of 2nd period - Shot by Stephen Weiss.
4:19 of 2nd period - Shot Blocked by Brian Leetch.
4:36 of 2nd period - Shot by Ilya Kovalchuk.
4:36 of 2nd period - Shot Misses the Net.
4:38 of 2nd period - Minor Penalty to Ron Hainsey for Charging.
4:39 of 2nd period - Robert Lang wins face-off versus Fredrik Modin in BlueJackets zone.
5:36 of 2nd period - Shot by Brendan Morrison.
5:36 of 2nd period - Stopped by Pascal Leclaire without a rebound.
5:37 of 2nd period - Brendan Morrison wins face-off versus Sergei Fedorov in BlueJackets zone.
6:05 of 2nd period - Off-side.
6:06 of 2nd period - Fredrik Modin wins face-off versus Alexander Frolov in neutral zone.
6:29 of 2nd period - Shot by Alexander Frolov.
6:29 of 2nd period - Goal by Alexander Frolov - Thrashers : 3 - BlueJackets : 2.
6:30 of 2nd period - Stephen Weiss wins face-off versus Bobby Holik in neutral zone.
6:38 of 2nd period - Icing by Brian Leetch.
6:39 of 2nd period - Marc Savard wins face-off versus Bobby Holik in Thrashers zone.
6:48 of 2nd period - Shot by Marc Savard.
6:48 of 2nd period - Stopped by Kari Lehtonen with a rebound.
6:49 of 2nd period - Shot by Duvie Westcott.
6:49 of 2nd period - Deflect By Marc Savard.
6:49 of 2nd period - Shot Misses the Net.
6:52 of 2nd period - Shot by Duvie Westcott.
6:52 of 2nd period - Stopped by Kari Lehtonen with a rebound.
6:55 of 2nd period - Shot by Adam Foote.
6:55 of 2nd period - Shot Blocked by Andy Sutton.
6:59 of 2nd period - Icing by Andy Sutton.
7:00 of 2nd period - Bobby Holik wins face-off versus Tyler Arnason in Thrashers zone.
7:22 of 2nd period - Robert Lang is hit by Brenden Morrow and loses puck.
7:36 of 2nd period - Shot by Robert Lang.
7:36 of 2nd period - Stopped by Pascal Leclaire without a rebound.
7:37 of 2nd period - Jozef Stumpel wins face-off versus Sergei Fedorov in BlueJackets zone.
7:38 of 2nd period - Shot by Ales Kotalik.
7:38 of 2nd period - Shot Misses the Net.
7:41 of 2nd period - Shot by Ales Kotalik.
7:41 of 2nd period - Shot Misses the Net.
8:38 of 2nd period - Shot by Marian Hossa.
8:38 of 2nd period - Stopped by Pascal Leclaire without a rebound.
8:39 of 2nd period - Marc Savard wins face-off versus Ilya Kovalchuk in BlueJackets zone.
9:29 of 2nd period - Marc Savard is hit by Ladislav Nagy and loses puck.
9:40 of 2nd period - Minor Penalty to Brenden Morrow for Slashing.
9:41 of 2nd period - Sergei Fedorov wins face-off versus Robert Lang in Thrashers zone.
9:56 of 2nd period - Shot by Marian Hossa.
9:56 of 2nd period - Stopped by Pascal Leclaire with a rebound.
9:59 of 2nd period - Shot by Marian Hossa.
9:59 of 2nd period - Shot Misses the Net.
10:02 of 2nd period - Shot by Robert Lang.
10:02 of 2nd period - Stopped by Pascal Leclaire without a rebound.
10:03 of 2nd period - Brendan Morrison wins face-off versus Fredrik Modin in BlueJackets zone.
10:06 of 2nd period - Shot by Ilya Kovalchuk.
10:06 of 2nd period - Stopped by Pascal Leclaire without a rebound.
10:07 of 2nd period - Fredrik Modin wins face-off versus Brendan Morrison in BlueJackets zone.
10:13 of 2nd period - Icing by Philippe Boucher.
10:14 of 2nd period - Brendan Morrison wins face-off versus Fredrik Modin in Thrashers zone.
10:19 of 2nd period - Shot by Ilya Kovalchuk.
10:19 of 2nd period - Deflect By Ales Kotalik.
10:19 of 2nd period - Stopped by Pascal Leclaire with a rebound.
10:31 of 2nd period - Icing by Philippe Boucher.
10:32 of 2nd period - Brendan Morrison wins face-off versus Fredrik Modin in Thrashers zone.
11:01 of 2nd period - Shot by Robert Lang.
11:01 of 2nd period - Deflect By Marian Hossa.
11:01 of 2nd period - Shot Misses the Net.
11:04 of 2nd period - Shot by Marian Hossa.
11:04 of 2nd period - Shot Misses the Net.
11:11 of 2nd period - Shot by Marian Hossa.
11:11 of 2nd period - Deflect By Robert Lang.
11:11 of 2nd period - Stopped by Pascal Leclaire without a rebound.
11:12 of 2nd period - Sergei Fedorov wins face-off versus Robert Lang in BlueJackets zone.
11:51 of 2nd period - Shot by Ilya Kovalchuk.
11:51 of 2nd period - Stopped by Pascal Leclaire without a rebound.
11:52 of 2nd period - Ales Kotalik wins face-off versus Marc Savard in BlueJackets zone.
11:52 of 2nd period - Jozef Stumpel is hit by Marc Savard and loses puck.
12:13 of 2nd period - Icing by Niclas Havelid.
12:14 of 2nd period - Jozef Stumpel wins face-off versus Stephen Weiss in Thrashers zone.
12:25 of 2nd period - Shot by Alexander Frolov.
12:25 of 2nd period - Stopped by Pascal Leclaire without a rebound.
12:26 of 2nd period - Bobby Holik wins face-off versus Tyler Arnason in BlueJackets zone.
12:46 of 2nd period - Off-side.
12:47 of 2nd period - Marc Savard wins face-off versus Robert Lang in neutral zone.
12:49 of 2nd period - Duvie Westcott is hit by Philippe Boucher and loses puck.
12:54 of 2nd period - Double Minor Penalty to Brett Clark for Roughing.
12:55 of 2nd period - Marc Savard wins face-off versus Jozef Stumpel in Thrashers zone.
13:00 of 2nd period - Shot by Nikolai Zherdev.
13:00 of 2nd period - Goal by Nikolai Zherdev - Thrashers : 3 - BlueJackets : 3.
13:01 of 2nd period - Sergei Fedorov wins face-off versus Jozef Stumpel in neutral zone.
13:37 of 2nd period - Icing by Ron Hainsey.
13:38 of 2nd period - Jozef Stumpel wins face-off versus Sergei Fedorov in BlueJackets zone.
14:37 of 2nd period - Shot by Sergei Fedorov.
14:37 of 2nd period - Shot Misses the Net.
14:42 of 2nd period - Shot by Trevor Letowski.
14:42 of 2nd period - Shot Misses the Net.
15:29 of 2nd period - Shot by Dan Fritsche.
15:29 of 2nd period - Deflect By Brenden Morrow.
15:29 of 2nd period - Shot Misses the Net.
15:32 of 2nd period - Shot by Dan Fritsche.
15:32 of 2nd period - Stopped by Kari Lehtonen without a rebound.
15:33 of 2nd period - Marc Savard wins face-off versus Jozef Stumpel in Thrashers zone.
15:36 of 2nd period - Shot by Fredrik Modin.
15:36 of 2nd period - Deflect By Marc Savard.
15:36 of 2nd period - Stopped by Kari Lehtonen without a rebound.
15:37 of 2nd period - Stephen Weiss wins face-off versus Robert Lang in Thrashers zone.
15:40 of 2nd period - Shot by David Vyborny.
15:40 of 2nd period - Stopped by Kari Lehtonen without a rebound.
15:41 of 2nd period - Marc Savard wins face-off versus Jozef Stumpel in Thrashers zone.
15:57 of 2nd period - Icing by Jozef Stumpel.
15:58 of 2nd period - Tyler Arnason wins face-off versus Jozef Stumpel in Thrashers zone.
16:13 of 2nd period - Shot by Alexander Frolov.
16:13 of 2nd period - Shot Misses the Net.
16:14 of 2nd period - Shot by Alexander Frolov.
16:14 of 2nd period - Goal by Alexander Frolov - Thrashers : 4 - BlueJackets : 3.
16:15 of 2nd period - Ilya Kovalchuk wins face-off versus Stephen Weiss in neutral zone.
16:22 of 2nd period - Shot by Ilya Kovalchuk.
16:22 of 2nd period - Stopped by Pascal Leclaire without a rebound.
16:23 of 2nd period - Robert Lang wins face-off versus Antti Miettinen in BlueJackets zone.
16:45 of 2nd period - Icing by Philippe Boucher.
16:46 of 2nd period - Robert Lang wins face-off versus Tyler Arnason in Thrashers zone.
16:56 of 2nd period - Ladislav Nagy is hit by Radoslav Suchy and loses puck.
18:20 of 2nd period - Shot by Ales Kotalik.
18:20 of 2nd period - Stopped by Pascal Leclaire with a rebound.
18:21 of 2nd period - Shot by Mike Van Ryn.
18:21 of 2nd period - Shot Misses the Net.
18:22 of 2nd period - Shot by Mike Van Ryn.
18:22 of 2nd period - Stopped by Pascal Leclaire with a rebound.
18:23 of 2nd period - Shot by Niclas Havelid.
18:23 of 2nd period - Shot Misses the Net.
18:26 of 2nd period - Shot by Alexander Frolov.
18:26 of 2nd period - Stopped by Pascal Leclaire without a rebound.
18:27 of 2nd period - Sergei Fedorov wins face-off versus Jozef Stumpel in BlueJackets zone.
18:37 of 2nd period - Antti Miettinen is hit by Ales Kotalik and loses puck.
18:58 of 2nd period - Minor Penalty to Antti Miettinen for Interference.
18:58 of 2nd period - Minor Penalty to Mike Van Ryn for Hooking.
18:59 of 2nd period - Tyler Arnason wins face-off versus Robert Lang in Thrashers zone.
19:22 of 2nd period - Shot by Ladislav Nagy.
19:22 of 2nd period - Goal by Ladislav Nagy - Thrashers : 5 - BlueJackets : 3.
19:23 of 2nd period - Brendan Morrison wins face-off versus Sergei Fedorov in neutral zone.
19:53 of 2nd period - Niclas Havelid is hit by Patrice Brisebois and loses puck.

Period #3

0:01 of 3rd period - Sergei Fedorov wins face-off versus Robert Lang in neutral zone.
0:40 of 3rd period - Shot by Brenden Morrow.
0:40 of 3rd period - Shot Blocked by Andy Sutton.
0:43 of 3rd period - Shot by Sergei Fedorov.
0:43 of 3rd period - Stopped by Kari Lehtonen without a rebound.
0:44 of 3rd period - Tyler Arnason wins face-off versus Brendan Morrison in Thrashers zone.
0:49 of 3rd period - Shot by Tyler Arnason.
0:49 of 3rd period - Shot Misses the Net.
0:52 of 3rd period - Shot by Fredrik Modin.
0:52 of 3rd period - Shot Misses the Net.
0:53 of 3rd period - Shot by Ron Hainsey.
0:53 of 3rd period - Shot Misses the Net.
0:53 of 3rd period - Minor Penalty to Niclas Havelid for Charging.
0:54 of 3rd period - Tyler Arnason wins face-off versus Bobby Holik in Thrashers zone.
1:25 of 3rd period - Shot by Stephen Weiss.
1:25 of 3rd period - Stopped by Kari Lehtonen without a rebound.
1:26 of 3rd period - Sergei Fedorov wins face-off versus Bobby Holik in Thrashers zone.
1:39 of 3rd period - Shot by Sergei Fedorov.
1:39 of 3rd period - Stopped by Kari Lehtonen without a rebound.
1:40 of 3rd period - Marc Savard wins face-off versus Bobby Holik in Thrashers zone.
2:04 of 3rd period - Marc Savard is hit by Brett Clark and loses puck.
2:31 of 3rd period - Sergei Fedorov is hit by Philippe Boucher and loses puck.
4:07 of 3rd period - Shot by Brendan Morrison.
4:07 of 3rd period - Stopped by Pascal Leclaire without a rebound.
4:08 of 3rd period - Robert Lang wins face-off versus David Vyborny in BlueJackets zone.
4:09 of 3rd period - Shot by Marian Hossa.
4:09 of 3rd period - Shot Misses the Net.
4:14 of 3rd period - Shot by Stephen Weiss.
4:14 of 3rd period - Goal by Stephen Weiss - Thrashers : 5 - BlueJackets : 4.
4:15 of 3rd period - Sergei Fedorov wins face-off versus Brendan Morrison in neutral zone.
4:54 of 3rd period - Shot by Ilya Kovalchuk.
4:54 of 3rd period - Shot Misses the Net.
5:33 of 3rd period - Shot by Marian Hossa.
5:33 of 3rd period - Goal by Marian Hossa - Thrashers : 6 - BlueJackets : 4.
5:33 of 3rd period - Dan Cloutier enters game.
5:34 of 3rd period - Jozef Stumpel wins face-off versus Tyler Arnason in neutral zone.
5:34 of 3rd period - Minor Penalty to Brenden Morrow for Elbowing.
5:34 of 3rd period - Minor Penalty to Alexander Frolov for Clipping.
5:35 of 3rd period - Robert Lang wins face-off versus Tyler Arnason in neutral zone.
5:42 of 3rd period - Shot by Robert Lang.
5:42 of 3rd period - Shot Misses the Net.
5:43 of 3rd period - Shot by Brett Clark.
5:43 of 3rd period - Shot Blocked by Patrice Brisebois.
5:52 of 3rd period - Shot by Ladislav Nagy.
5:52 of 3rd period - Shot Blocked by Fredrik Modin.
5:53 of 3rd period - Shot by Brett Clark.
5:53 of 3rd period - Deflect By Robert Lang.
5:53 of 3rd period - Stopped by Dan Cloutier with a rebound.
5:56 of 3rd period - Shot by Ladislav Nagy.
5:56 of 3rd period - Stopped by Dan Cloutier without a rebound.
5:57 of 3rd period - Brendan Morrison wins face-off versus Trevor Letowski in BlueJackets zone.
5:58 of 3rd period - Shot by Ilya Kovalchuk.
5:58 of 3rd period - Stopped by Dan Cloutier without a rebound.
5:59 of 3rd period - Sergei Fedorov wins face-off versus Brendan Morrison in BlueJackets zone.
6:12 of 3rd period - Shot by Ilya Kovalchuk.
6:12 of 3rd period - Shot Misses the Net.
6:17 of 3rd period - Shot by Brendan Morrison.
6:17 of 3rd period - Deflect By Ilya Kovalchuk.
6:17 of 3rd period - Shot Misses the Net.
6:20 of 3rd period - Shot by Ilya Kovalchuk.
6:20 of 3rd period - Shot Misses the Net.
7:01 of 3rd period - Shot by Fredrik Modin.
7:01 of 3rd period - Stopped by Kari Lehtonen without a rebound.
7:02 of 3rd period - Brendan Morrison wins face-off versus Tyler Arnason in Thrashers zone.
7:45 of 3rd period - Shot by Jason Chimera.
7:45 of 3rd period - Stopped by Kari Lehtonen without a rebound.
7:46 of 3rd period - Marc Savard wins face-off versus Robert Lang in Thrashers zone.
8:24 of 3rd period - Off-side.
8:25 of 3rd period - Stephen Weiss wins face-off versus Bobby Holik in neutral zone.
8:39 of 3rd period - David Vyborny is hit by Andy Sutton and loses puck.
10:29 of 3rd period - Shot by Tyler Arnason.
10:29 of 3rd period - Deflect By Brenden Morrow.
10:29 of 3rd period - Shot Misses the Net.
10:31 of 3rd period - Icing by Philippe Boucher.
10:32 of 3rd period - Tyler Arnason wins face-off versus Robert Lang in Thrashers zone.
10:35 of 3rd period - Shot by Brenden Morrow.
10:35 of 3rd period - Shot Misses the Net.
10:40 of 3rd period - Shot by Brett Clark.
10:40 of 3rd period - Stopped by Dan Cloutier with a rebound.
10:45 of 3rd period - Shot by Marian Hossa.
10:45 of 3rd period - Stopped by Dan Cloutier without a rebound.
10:46 of 3rd period - Sergei Fedorov wins face-off versus Brendan Morrison in BlueJackets zone.
10:57 of 3rd period - Shot by Nikolai Zherdev.
10:57 of 3rd period - Stopped by Kari Lehtonen with a rebound.
10:58 of 3rd period - Shot by Brad Stuart.
10:58 of 3rd period - Stopped by Kari Lehtonen without a rebound.
10:59 of 3rd period - Bobby Holik wins face-off versus Marc Savard in Thrashers zone.
11:08 of 3rd period - Shot by Ilya Kovalchuk.
11:08 of 3rd period - Stopped by Dan Cloutier with a rebound.
11:11 of 3rd period - Shot by Bobby Holik.
11:11 of 3rd period - Shot Misses the Net.
11:14 of 3rd period - Shot by Bobby Holik.
11:14 of 3rd period - Shot Blocked by Adam Foote.
11:15 of 3rd period - Shot by Andy Sutton.
11:15 of 3rd period - Deflect By Ilya Kovalchuk.
11:15 of 3rd period - Stopped by Dan Cloutier without a rebound.
11:16 of 3rd period - David Vyborny wins face-off versus Marian Hossa in BlueJackets zone.
12:00 of 3rd period - Icing by Philippe Boucher.
12:01 of 3rd period - Sergei Fedorov wins face-off versus Robert Lang in Thrashers zone.
12:09 of 3rd period - Icing by Philippe Boucher.
12:10 of 3rd period - Robert Lang wins face-off versus Marc Savard in Thrashers zone.
13:12 of 3rd period - Nikolai Zherdev is hit by Greg de Vries and loses puck.
13:14 of 3rd period - Shot by Brad Stuart.
13:14 of 3rd period - Shot Misses the Net.
13:17 of 3rd period - Shot by Nikolai Zherdev.
13:17 of 3rd period - Shot Misses the Net.
13:22 of 3rd period - Shot by Sergei Fedorov.
13:22 of 3rd period - Stopped by Kari Lehtonen without a rebound.
13:23 of 3rd period - Tyler Arnason wins face-off versus Jozef Stumpel in Thrashers zone.
14:45 of 3rd period - Minor Penalty to Sergei Fedorov for Holding.
14:46 of 3rd period - Fredrik Modin wins face-off versus Robert Lang in BlueJackets zone.
15:01 of 3rd period - Shot by Alexander Frolov.
15:01 of 3rd period - Stopped by Dan Cloutier without a rebound.
15:02 of 3rd period - Brendan Morrison wins face-off versus Fredrik Modin in BlueJackets zone.
15:07 of 3rd period - Shot by Ales Kotalik.
15:07 of 3rd period - Stopped by Dan Cloutier with a rebound.
15:46 of 3rd period - Shot by Marian Hossa.
15:46 of 3rd period - Stopped by Dan Cloutier without a rebound.
15:47 of 3rd period - Robert Lang wins face-off versus Trevor Letowski in BlueJackets zone.
16:35 of 3rd period - Minor Penalty to Brenden Morrow for Charging.
16:36 of 3rd period - Fredrik Modin wins face-off versus Brendan Morrison in BlueJackets zone.
17:01 of 3rd period - Shot by Ilya Kovalchuk.
17:01 of 3rd period - Shot Misses the Net.
18:42 of 3rd period - Shot by Bobby Holik.
18:42 of 3rd period - Stopped by Dan Cloutier without a rebound.
18:43 of 3rd period - Jozef Stumpel wins face-off versus Marc Savard in BlueJackets zone.
19:05 of 3rd period - Icing by Andy Sutton.
19:06 of 3rd period - Jozef Stumpel wins face-off versus Tyler Arnason in Thrashers zone.
19:31 of 3rd period - Shot by Anson Carter.
19:31 of 3rd period - Stopped by Dan Cloutier without a rebound.
19:32 of 3rd period - Robert Lang wins face-off versus Antti Miettinen in BlueJackets zone.
19:36 of 3rd period - Ladislav Nagy is hit by Antti Miettinen and loses puck.
19:55 of 3rd period - Sergei Fedorov is hit by Marian Hossa and loses puck.


Output by the SimonT Hockey Simulator (STHS) for Stephane Roy -- Original Page W3C XHTML 1.0 Valid